 Dungeon Crawl Stone Soup version 0.22-a0-877-g5c4e1afb51 (webtiles) character file.

4392 PikkenKukken the Blocker (level 10, -4/82 HPs)
             Began as a Gnoll Fighter on July 29, 2018.
             Was a Believer of Okawaru.
             Killed from afar by a lava snake (16 damage)
             ... with a glob of lava
             ... on level 8 of the Dungeon.
             The game lasted 00:18:37 (7236 turns).

PikkenKukken the Blocker (Gnoll Fighter)            Turns: 7236, Time: 00:18:37

Health: -4/82      AC: 10    Str: 19    XL:     10   Next: 35%
Magic:  0/26       EV: 12    Int: 11    God:    Okawaru [**....]
Gold:   587        SH: 11    Dex: 17    Spells: 19/19 levels left

rFire    . . .     SeeInvis .   y - +1 whip (elec)
rCold    . . .     Gourm    .   c - +0 shield
rNeg     . . .     Faith    .   b - +0 scale mail
rPois    .         Spirit   +   n - +1 helmet
rElec    .         Reflect  .   (no cloak)
rCorr    .         Harm     .   (no gloves)
MR       .....                  (no boots)
Stlth    ++........             k - amulet of guardian spirit
HPRegen  0.23/turn              h - ring of magical power
MPRegen  0.20/turn              (no ring)

@: no status effects
A: distributed training, fangs 1, strong nose
a: Heroism, Renounce Religion


You were on level 8 of the Dungeon.
You worshipped Okawaru.
Okawaru was pleased with you.
You were not hungry.

You visited 2 branches of the dungeon, and saw 9 of its levels.

You collected 587 gold pieces.

Inventory:

Hand Weapons
 a - a +1 rapier
 y - a +1 whip of electrocution (weapon)
Armour
 b - a +0 scale mail (worn)
 c - a +0 shield (worn)
 g - the +1 robe "Osurph" {-Cast rN++ MR- SInv}
   (You found it on level 4 of the Dungeon)

   It greatly protects you from negative energy.
   It affects your resistance to hostile enchantments.
   It lets you see invisible.
   It prevents spellcasting.
 n - a +1 helmet (worn)
 o - a +2 leather armour of poison resistance
Jewellery
 h - a ring of magical power (left hand)
 k - an amulet of guardian spirit (around neck)
 w - an uncursed ring of teleportation
Wands
 v - a wand of acid (9)
 z - a wand of flame (39)
 B - a wand of paralysis (12)
Scrolls
 j - 4 scrolls of enchant weapon
 q - a scroll of fear
 r - 4 scrolls of teleportation
 s - a scroll of holy word {unknown}
 E - 3 scrolls of identify
Potions
 d - 2 potions of might
 e - 7 potions of curing
 i - 4 potions of heal wounds
 m - 2 potions of cancellation
 p - 2 potions of haste
 t - a potion of resistance {unknown}
 u - a potion of agility {unknown}
 A - 2 potions of flight {unknown}
 C - a potion of degeneration {unknown}
 D - a potion of lignification {unknown}
Comestibles
 f - 26 rations
 l - 12 chunks of flesh


   Skills:
 + Level 8.4 Fighting
 + Level 6.9 Short Blades
 + Level 5.1 Long Blades
 + Level 5.1 Axes
 + Level 5.1 Maces & Flails
 + Level 5.1 Polearms
 + Level 5.1 Staves
 + Level 5.1 Slings
 + Level 5.1 Bows
 + Level 5.1 Crossbows
 + Level 5.1 Throwing
 + Level 8.4 Armour
 + Level 5.1 Dodging
 + Level 5.1 Stealth
 + Level 8.4 Shields
 + Level 5.1 Unarmed Combat
 + Level 5.1 Spellcasting
 + Level 4.2 Conjurations
 + Level 4.2 Hexes
 + Level 4.2 Charms
 + Level 4.2 Summonings
 + Level 4.2 Necromancy
 + Level 4.2 Translocations
 + Level 4.2 Transmutations
 + Level 4.2 Fire Magic
 + Level 4.2 Ice Magic
 + Level 4.2 Air Magic
 + Level 4.2 Earth Magic
 + Level 4.2 Poison Magic
 + Level 5.6 Invocations
 + Level 5.1 Evocations


You had 19 spell levels left.
You didn't know any spells.
Your spell library contained the following spells:

 Spells                   Type           Power        Failure   Level  Hunger
 Magic Dart               Conj           ##..         22%         1    None
 Confuse                  Hex            ##......     56%         3    ###....
 Iskenderun's Mystic Bla  Conj           ##......     92%         4    ####...
 Confusing Touch          Hex            ##....       22%         1    None
 Metabolic Englaciation   Hex/Ice        ##........   99%         5    ######.
 Petrify                  Tmut/Erth      ##......     92%         4    ####...
 Fulminant Prism          Conj/Hex       ##........   92%         4    ####...
 Dazzling Spray           Conj/Hex       ##....       56%         3    ###....
 Force Lance              Conj/Tloc      ##......     92%         4    ####...
 Searing Ray              Conj           ##....       34%         2    ##.....
 Gell's Gravitas          Tloc           ##........   56%         3    ###....
 Yara's Violent Unravell  Hex/Tmut       ##........   99%         5    ######.


Dungeon Overview and Level Annotations

Branches:
Dungeon (8/15)             Temple (1/1) D:7
   Lair: D:8-11

Altars:
Ashenzari
Cheibriados
Dithmenos
Elyvilon
Fedhas
Gozag
Hepliaklqana
Kikubaaqudgha
Makhleb
Nemelex Xobeh
Okawaru
Qazlal
Ru
Sif Muna
Trog
Uskayaw
Vehumet
Wu Jian
Xom
Yredelemnul
Zin
The Shining One


Innate Abilities, Weirdness & Mutations

Your experience applies equally to all skills.
You have very sharp teeth.
Your uncanny sense of smell can sniff out nearby items.


Message History

The centaur warrior misses you.
A lava snake comes into view.
The centaur warrior wields a shortbow.
The centaur warrior shoots an arrow.
The arrow hits you!!
The centaur warrior shoots an arrow.
The arrow barely misses you. The lava snake spits lava at you.
The glob of lava hits you! The lava snake spits lava at you.
The glob of lava hits you! The slime creature hits you!
* * * LOW HITPOINT WARNING * * *
The lava snake spits lava at you. The glob of lava hits you!
* * * LOW HITPOINT WARNING * * *
The centaur warrior shoots an arrow.
The arrow closely misses you.
You hear a sizzling splash.
The lava snake spits lava at you. You block the glob of lava.
The lava snake spits lava at you. The glob of lava hits you!
You die...

≈≈§≈§#..#§≈≈§§§ #...
≈≈≈≈§≈..≈§S§§§§ #...
≈≈§§§§..§§≈§≈§≈ #...
§≈≈§§§..S≈≈≈§≈≈ #...
≈≈≈§§≈..≈≈§§≈≈#######...
#≈≈§§§..S§§§§##....)....
##§§§ScJ≈≈§§##..########
##§§≈..≈§≈##..##
####'@####..##
#.......## #########


You could see a slime creature, a centaur warrior and 4 lava snakes.

Vanquished Creatures
  A two-headed ogre (D:8)
  Pikel (D:6)
  Grinder (D:5)
  A spriggan (D:7)
  A water moccasin (D:6)
  An ice beast (D:8)
  A sky beast (D:5)
  A slave (D:5)
  A black bear (D:5)
  4 ogres
  A centaur (D:8)
  A crocodile (D:8)
  A big kobold (D:3)
  Blork the orc (D:5)
  7 bullfrogs
  2 scorpions
  A wyvern skeleton (D:7)
  A jelly (D:7)
  6 killer bees (D:8)
  3 crimson imps
  A quasit (D:6)
  6 orc priests
  A bullfrog skeleton (D:7)
  3 hounds
  4 orc wizards
  Natasha (thrice) (D:2)
  2 iguanas
  3 worker ants
  Terence (D:2)
  A hound skeleton (D:6)
  11 gnolls
  10 adders
  3 oozes
  3 worms
  3 dart slugs
  5 leopard geckos
  38 orcs
  4 giant cockroaches
  4 goblins
  8 hobgoblins
  3 jackals (D:2)
  3 quokkas
  4 bats
  6 frilled lizards
  A jackal skeleton (D:6)
  14 kobolds
  A quokka skeleton (D:4)
  3 rats
186 creatures vanquished.

Vanquished Creatures (others)
  A slave (D:6)
  A worker ant (D:4)
  An adder (D:4)
  A worm (D:4)
  A leopard gecko (D:4)
  An orc (D:4)
6 creatures vanquished.

Grand Total: 192 creatures vanquished

Notes
Turn   | Place    | Note
-------+----------+-------------------------------------------
     0 | D:1      | PikkenKukken the Gnoll Fighter began the quest for the Orb.
     0 | D:1      | Reached XP level 1. HP: 23/23 MP: 1/1
   192 | D:1      | Reached XP level 2. HP: 29/29 MP: 2/2
   634 | D:2      | Reached XP level 3. HP: 34/35 MP: 3/3
   854 | D:2      | Reached skill level 1 in Invocations
   878 | D:2      | Noticed Natasha
   889 | D:2      | Killed Natasha
   889 | D:2      | Reached skill level 1 in Long Blades
   889 | D:2      | Reached skill level 1 in Axes
   889 | D:2      | Reached skill level 1 in Maces & Flails
   889 | D:2      | Reached skill level 1 in Polearms
   889 | D:2      | Reached skill level 1 in Staves
   889 | D:2      | Reached skill level 1 in Slings
   889 | D:2      | Reached skill level 1 in Bows
   889 | D:2      | Reached skill level 1 in Crossbows
   889 | D:2      | Reached skill level 1 in Throwing
   889 | D:2      | Reached skill level 1 in Dodging
   889 | D:2      | Reached skill level 1 in Stealth
   889 | D:2      | Reached skill level 1 in Unarmed Combat
   889 | D:2      | Reached skill level 1 in Spellcasting
   889 | D:2      | Reached skill level 1 in Evocations
   889 | D:2      | Reached XP level 4. HP: 27/41 MP: 5/5
  1125 | D:2      | Reached skill level 1 in Conjurations
  1125 | D:2      | Reached skill level 1 in Hexes
  1125 | D:2      | Reached skill level 1 in Charms
  1125 | D:2      | Reached skill level 1 in Summonings
  1125 | D:2      | Reached skill level 1 in Necromancy
  1125 | D:2      | Reached skill level 1 in Translocations
  1125 | D:2      | Reached skill level 1 in Transmutations
  1125 | D:2      | Reached skill level 1 in Fire Magic
  1125 | D:2      | Reached skill level 1 in Ice Magic
  1125 | D:2      | Reached skill level 1 in Air Magic
  1125 | D:2      | Reached skill level 1 in Earth Magic
  1125 | D:2      | Reached skill level 1 in Poison Magic
  1330 | D:2      | Noticed Natasha
  1340 | D:2      | Killed Natasha
  1340 | D:2      | Reached XP level 5. HP: 43/47 MP: 6/6
  1409 | D:2      | Noticed Terence
  1421 | D:2      | Killed Terence
  1456 | D:2      | Noticed Natasha
  1494 | D:2      | Killed Natasha
  1874 | D:3      | Noticed a big kobold
  1953 | D:2      | Reached XP level 6. HP: 50/53 MP: 6/8
  2080 | D:3      | Reached skill level 5 in Short Blades
  2345 | D:3      | Reached XP level 7. HP: 59/59 MP: 10/10
  3125 | D:4      | Got a transparent robe
  3136 | D:4      | Identified the cursed +1 robe "Osurph" {-Cast rN++ MR- SInv} (You found it on level 4 of the Dungeon)
  3237 | D:4      | Found a shimmering altar of Xom.
  3640 | D:5      | Entered Level 5 of the Dungeon
  3646 | D:5      | Noticed Blork the orc
  3664 | D:5      | Killed Blork the orc
  3791 | D:5      | Noticed Grinder
  3799 | D:5      | Killed Grinder
  3799 | D:5      | Reached XP level 8. HP: 67/67 MP: 12/12
  4328 | D:5      | Found a shadowy altar of Dithmenos.
  4485 | D:6      | Noticed Pikel
  4563 | D:6      | Killed Pikel
  4563 | D:6      | Reached XP level 9. HP: 72/73 MP: 14/14
  5557 | D:7      | Found a staircase to the Ecumenical Temple.
  5567 | Temple   | Entered the Ecumenical Temple
  5712 | Temple   | Became a worshipper of Warmaster Okawaru
  6455 | D:8      | Reached * piety under Okawaru
  6461 | D:8      | Reached skill level 5 in Invocations
  6647 | D:8      | Noticed a two-headed ogre
  6657 | D:8      | Killed a two-headed ogre
  6657 | D:8      | Reached ** piety under Okawaru
  6657 | D:8      | Reached XP level 10. HP: 59/80 MP: 17/17
  6664 | D:8      | Reached skill level 5 in Long Blades
  6664 | D:8      | Reached skill level 5 in Axes
  6664 | D:8      | Reached skill level 5 in Maces & Flails
  6664 | D:8      | Reached skill level 5 in Polearms
  6664 | D:8      | Reached skill level 5 in Staves
  6664 | D:8      | Reached skill level 5 in Slings
  6664 | D:8      | Reached skill level 5 in Bows
  6664 | D:8      | Reached skill level 5 in Crossbows
  6664 | D:8      | Reached skill level 5 in Throwing
  6664 | D:8      | Reached skill level 5 in Dodging
  6664 | D:8      | Reached skill level 5 in Stealth
  6664 | D:8      | Reached skill level 5 in Unarmed Combat
  6664 | D:8      | Reached skill level 5 in Spellcasting
  6664 | D:8      | Reached skill level 5 in Evocations
  7228 | D:8      | Noticed a centaur warrior
  7236 | D:8      | Killed from afar by a lava snake

Vault maps used:
D:1:      mrwooster_arrival_statue_3, minivault_26
D:2:      serial_bayou, serial_bayou_shore_a, serial_bayou_pond_e,
          serial_bayou_lake_a, serial_bayou_pond_e, minmay_misc_feat_chi,
          uniq_terence, uniq_natasha
D:3:      cheibrodos_thug_alley
D:4:      xom_confusion_cloud, first_ration
D:5:      black_bear_nest_2, grunt_dithmenos_smoke_and_mirrors,
          uniq_blork_the_orc, uniq_grinder
D:6:      kennysheep_generic_room_16, uniq_pikel
D:7:      minmay_temple_entry_statues_fountains, the_bakery
D:8:      kennysheep_big_flooded_room, abandoned_shop
Temple:   nicolae_temple_the_god_donut

Skill      XL: |  1  2  3  4  5  6  7  8  9 10 |
---------------+-------------------------------+-----
Invocations    | 1 2 3 4 5 |  5.6
Long Blades    | 1 2 3 4 5 |  5.1
Axes           | 1 2 3 4 5 |  5.1
Maces & Flails | 1 2 3 4 5 |  5.1
Polearms       | 1 2 3 4 5 |  5.1
Staves         | 1 2 3 4 5 |  5.1
Slings         | 1 2 3 4 5 |  5.1
Bows           | 1 2 3 4 5 |  5.1
Crossbows      | 1 2 3 4 5 |  5.1
Throwing       | 1 2 3 4 5 |  5.1
Dodging        | 1 2 3 4 5 |  5.1
Stealth        | 1 2 3 4 5 |  5.1
Unarmed Combat | 1 2 3 4 5 |  5.1
Spellcasting   | 1 2 3 4 5 |  5.1
Evocations     | 1 2 3 4 5 |  5.1
Conjurations   | 1 2 3 4 |  4.2
Hexes          | 1 2 3 4 |  4.2
Charms         | 1 2 3 4 |  4.2
Summonings     | 1 2 3 4 |  4.2
Necromancy     | 1 2 3 4 |  4.2
Translocations | 1 2 3 4 |  4.2
Transmutations | 1 2 3 4 |  4.2
Fire Magic     | 1 2 3 4 |  4.2
Ice Magic      | 1 2 3 4 |  4.2
Air Magic      | 1 2 3 4 |  4.2
Earth Magic    | 1 2 3 4 |  4.2
Poison Magic   | 1 2 3 4 |  4.2
Short Blades   | 5 6 |  6.9
Fighting       | 7 8 |  8.4
Armour         | 7 8 |  8.4
Shields        | 7 8 |  8.4

Action                   |  1- 3 |  4- 6 |  7- 9 | 10-12 || total
-------------------------+-------+-------+-------+-------++-------
Melee: Rapier            |    92 |   216 |   234 |       ||   542
       Bite              |    12 |    27 |    65 |    12 ||   116
       Whip              |       |       |   178 |    53 ||   231
Evoke: Wand              |       |       |     1 |       ||     1
  Use: Scroll            |     4 |     4 |     8 |     2 ||    18
       Potion            |       |       |     4 |       ||     4
 Stab: Paralysed         |       |       |     9 |       ||     9
       Sleeping          |       |       |     2 |       ||     2
  Eat: Chunk             |       |     5 |    14 |     2 ||    21
Armor: Scale mail        |    26 |    52 |   143 |    14 ||   235
Dodge: Dodged            |    27 |    53 |   139 |    27 ||   246
Block: Shield            |    50 |   102 |   251 |    29 ||   432

Table legend:
 A = Spawn XP
 B = Non-spawn XP
 C = Spawn XP percentage of total XP
 D = Spawn monster count
 E = Non-spawn monster count
 F = Spawn count percentage of total count
 G = Total turns spent on level
                    A         B        C        D         E        F      G
               +---------+---------+-------+---------+---------+-------+---------
         Total |       0 |    6275 |   0.0 |       0 |     185 |   0.0 |  7236
               +---------+---------+-------+---------+---------+-------+---------
           D:1 |       0 |      23 |   0.0 |       0 |      13 |   0.0 |   600
           D:2 |       0 |     279 |   0.0 |       0 |      33 |   0.0 |  1186
           D:3 |       0 |     328 |   0.0 |       0 |      38 |   0.0 |   965
           D:4 |       0 |     388 |   0.0 |       0 |      15 |   0.0 |   889
           D:5 |       0 |     906 |   0.0 |       0 |      17 |   0.0 |   801
           D:6 |       0 |    1008 |   0.0 |       0 |      25 |   0.0 |   998
           D:7 |       0 |     779 |   0.0 |       0 |      11 |   0.0 |   845
           D:8 |       0 |    2564 |   0.0 |       0 |      33 |   0.0 |   792
               +---------+---------+-------+---------+---------+-------+---------
